 Dungeon Crawl Stone Soup version 0.21-a0-632-g1e37ce5 (webtiles) character file.

16658 Moebius the Basher (level 12, -4/110 HPs)
             Began as a Purple Draconian Berserker on Dec 27, 2017.
             Was a High Priest of Trog.
             Engulfed by a cloud of flame (16 damage)
             ... on level 4 of the Lair of Beasts.
             The game lasted 01:01:44 (10840 turns).

Moebius the Basher (Purple Draconian Berserker)    Turns: 10840, Time: 01:01:45

Health: -4/110     AC: 12    Str: 20    XL:     12   Next: 12%
Magic:  12/12      EV: 10    Int:  5    God:    Trog [*****.]
Gold:   902        SH: 19    Dex: 16    Spells: 11/11 levels left

rFire    . . .     SeeInvis +   f - +2 morningstar (drain)
rCold    . . .     Gourm    .   x - +3 large shield
rNeg     . . .     Faith    .   (armour unavailable)
rPois    .         Spirit   .   (helmet restricted)
rElec    .         Reflect  .   Q - +0 cloak
rCorr    .         Harm     .   k - +2 pair of gloves
MR       +....                  (no boots)
Stlth    +.........             (no amulet)
HPRegen  0.28/turn              (no ring)
MPRegen  0.13/turn              p - ring of see invisible

@: no status effects
A: breathe power, unfitting armour, talons 1, dopey 1, evolution 1,
cold-blooded, AC +8
a: Breathe Dispelling Energy, Berserk, Trog's Hand, Brothers in Arms, Burn
Spellbooks, Renounce Religion


You were on level 4 of the Lair of Beasts.
You worshipped Trog.
Trog was extremely pleased with you.
You were not hungry.

You visited 3 branches of the dungeon, and saw 15 of its levels.
You also visited: Volcano.

You collected 902 gold pieces.

Inventory:

Hand Weapons
 f - a +2 morningstar of draining (weapon)
 n - a +0 blowgun
 t - a +1 flail
 u - a +0 shortbow
 F - the +6 whip "Suivvol" {drain, Int+2}
   (You found it on level 8 of the Dungeon)

   A truly terrible weapon, it drains the life of those it strikes.
   It affects your intelligence (+2).
 K - a +2 vampiric whip
 P - a +1 mace of protection
 S - a +1 dire flail of flaming
Missiles
 h - 82 poisoned needles
 i - 258 arrows
 L - 2 needles of confusion
Armour
 k - a +2 pair of gloves (worn)
 o - the +0 pair of boots of Kemerat {rPois Regen+ Dex-4 SInv}
   (You found it on level 5 of the Dungeon)

   It affects your dexterity (-4).
   It protects you from poison.
   It lets you see invisible.
   It increases your rate of regeneration.
 x - a +3 large shield (worn)
 Q - a +0 cloak (worn)
Jewellery
 p - a ring of see invisible (right hand)
 r - a +5 ring of intelligence
 v - a +3 ring of evasion
 y - the ring "Uxitustrikh" {+Inv MR+ MP+9 Str-5 Dex+2}
   (You took it off a crimson imp on level 5 of the Dungeon)

   [ring of magical power]

   It affects your strength (-5).
   It affects your dexterity (+2).
   It affects your resistance to hostile enchantments.
   It affects your magic capacity (+9).
   It lets you turn invisible.
 D - an uncursed ring of ice
Wands
 d - a wand of paralysis (11)
 z - a wand of digging (20)
 A - a wand of random effects (36)
 J - a wand of polymorph (32)
Scrolls
 c - 12 scrolls of identify
 e - 5 scrolls of remove curse
 g - 7 scrolls of teleportation
 m - a scroll of immolation
 q - 4 scrolls of enchant weapon
 s - a scroll of fear
 G - 2 scrolls of enchant armour
 M - a scroll of blinking
Potions
 j - 4 potions of lignification
 w - a potion of resistance
 B - 2 potions of ambrosia
 C - a potion of brilliance
 E - 2 potions of cancellation
 O - a potion of might
 R - 4 potions of curing
 T - 2 potions of agility
 U - a potion of berserk rage
 V - 2 potions of haste
Books
 a - a book of Misfortune

   Spells                             Type                      Level
   a - Confusing Touch                Hexes                        1
   b - Confuse                        Hexes                        3
   c - Gell's Gravitas                Translocation                3
   d - Petrify                        Transmutation/Earth          4
   e - Metabolic Englaciation         Hexes/Ice                    5
   f - Yara's Violent Unravelling     Hexes/Transmutation          5
   Trog disapproves of the use of such an item.
 H - a book of Fire

   Spells                             Type                      Level
   a - Ignite Poison                  Fire/Transmutation/Poison    3
   b - Fireball                       Conjuration/Fire             5
   c - Bolt of Fire                   Conjuration/Fire             6
   d - Ring of Flames                 Charms/Fire                  7
   e - Ignition                       Fire                         8
   Trog disapproves of the use of such an item.
 I - a book of Flames

   Spells                             Type                      Level
   a - Flame Tongue                   Conjuration/Fire             1
   b - Throw Flame                    Conjuration/Fire             2
   c - Conjure Flame                  Conjuration/Fire             3
   d - Inner Flame                    Hexes/Fire                   3
   e - Sticky Flame                   Conjuration/Fire             4
   f - Fireball                       Conjuration/Fire             5
   Trog disapproves of the use of such an item.
 W - a book of Necromancy

   Spells                             Type                      Level
   a - Pain                           Necromancy                   1
   b - Animate Skeleton               Necromancy                   1
   c - Vampiric Draining              Necromancy                   3
   d - Regeneration                   Charms/Necromancy            3
   e - Animate Dead                   Necromancy                   4
   f - Borgnjor's Vile Clutch         Necromancy/Earth             5
   Trog disapproves of the use of such an item.
Comestibles
 b - 23 rations


   Skills:
 + Level 11.5 Fighting
 + Level 14.4 Maces & Flails
 + Level 3.1 Throwing
 - Level 2.6 Dodging
 + Level 7.9 Shields


You had 11 spell levels left.
You didn't know any spells.

Dungeon Overview and Level Annotations

Branches:
Dungeon (10/15)            Temple (0/1) D:4            Lair (4/6) D:9
  Swamp (1/4) Lair:3       Spider (0/4) Lair:3
    Orc: D:9-12

Altars:
Gozag
Nemelex Xobeh
Qazlal
Sif Muna
Trog
Uskayaw

Shops:
D:6 *   D:9 :

Annotations:
Lair:1 Grum
Lair:4 exclusion: 4 oklob plants


Innate Abilities, Weirdness & Mutations

You can breathe bolts of dispelling energy.
Your rich purple scales are hard. (AC +8)
You cannot fit into any form of body armour.
You are cold-blooded and may be slowed by cold attacks.
You have sharp toenails.
You are dopey. (Int -2)
You evolve.


Message History

You feel much better. The fire crab breathes flames at you.
The blast of flame engulfs you!
* * * LOW HITPOINT WARNING * * *
You thump the fire crab!
You tail-slap the fire crab, but do no damage.
The fire crab is severely wounded.
You are engulfed in blazing flames.
* * * LOW HITPOINT WARNING * * *
You block the fire crab's attack. x2
You hit the fire crab but do no damage. You claw the fire crab.
The fire crab is severely wounded.
You are engulfed in blazing flames.
* * * LOW HITPOINT WARNING * * *
The fire crab barely misses you. The fire crab completely misses you.
You sock the fire crab! You drain the fire crab!
You kill the fire crab!
Trog accepts your kill.
You are engulfed in blazing flames.
You die...

.................###
.................#.#
.............[....##
..##############'##
..# #.# ..# #÷# ..#
#.# ..# #.# ..# #@#
..# #†# ..# #.# ..#
#÷# .## ..# ## ###


There were no monsters in sight!

Vanquished Creatures
  Erica (Lair:2)
  A two-headed ogre (D:8)
  A fire crab (Lair:4)
  5 black mambas
  A gargoyle (Volcano)
  2 spiny frogs
  3 komodo dragons
  A jumping spider (Lair:3)
  4 blink frogs
  3 hippogriffs
  A flying skull (Volcano)
  An alligator skeleton (Volcano)
  A spriggan (D:7)
  2 wyverns
  11 yaks
  A hungry ghost (D:7)
  6 vampire mosquitoes (Lair:3)
  Menkaure (D:4)
  The ghost of Salmacis the Digger, an amateur HuEE (D:4)
  5 water moccasins
  4 porcupines
  A hornet zombie (D:7)
  A sky beast (D:9)
  An eye of draining (D:8)
  2 phantoms
  6 ogres
  6 centaurs
  2 crocodiles
  2 big kobolds
  8 bullfrogs
  2 gnoll sergeants (D:8)
  A water moccasin zombie (D:8)
  4 scorpions
  5 wights (D:7)
  6 howler monkeys
  5 crimson imps
  3 jellies
  A quasit (D:7)
  2 orc priests
  5 hounds
  5 iguanas
  A gnoll shaman (D:7)
  6 worker ants
  10 orc wizards
  A worker ant zombie (D:5)
  14 gnolls
  12 adders
  A howler monkey skeleton (D:4)
  5 shadow imps
  An ooze (D:1)
  3 adder skeletons
  3 worms
  A dart slug (D:1)
  6 leopard geckos
  23 orcs
  13 bats
  7 giant cockroaches
  11 goblins
  13 hobgoblins
  11 jackals
  5 quokkas
  A ball python (D:2)
  3 frilled lizards
  19 kobolds
  A leopard gecko skeleton (D:5)
  6 rats
301 creatures vanquished.

Vanquished Creatures (collateral kills)
  2 skeletal warriors (Volcano)
  2 gargoyles (Volcano)
  A harpy skeleton (Volcano)
  An alligator skeleton (Volcano)
  A spriggan skeleton (Volcano)
  A troll skeleton (Volcano)
8 creatures vanquished.

Vanquished Creatures (others)
  2 flying skulls (Volcano)
  An orc (D:8)
  2 fungi
  6 plants
11 creatures vanquished.

Grand Total: 320 creatures vanquished

Notes
Turn   | Place    | Note
-------+----------+-------------------------------------------
     0 | D:1      | Moebius the Draconian Berserker began the quest for the Orb.
     0 | D:1      | Reached XP level 1. HP: 19/19 MP: 1/1
    44 | D:1      | Reached XP level 2. HP: 22/26 MP: 2/2
   144 | D:1      | Reached XP level 3. HP: 23/33 MP: 3/3
   179 | D:1      | Reached ** piety under Trog
   529 | D:2      | Reached skill level 4 in Maces & Flails
   741 | D:2      | Reached XP level 4. HP: 40/40 MP: 4/4
  1402 | D:3      | Reached *** piety under Trog
  1507 | D:3      | Reached skill level 5 in Maces & Flails
  1549 | D:3      | Reached XP level 5. HP: 32/47 MP: 5/5
  1564 | D:3      | Found a sparkling altar of Nemelex Xobeh.
  2226 | D:4      | Reached skill level 1 in Throwing
  2228 | D:4      | Reached XP level 6. HP: 53/53 MP: 6/6
  2247 | D:5      | Entered Level 5 of the Dungeon
  2561 | D:4      | Reached skill level 6 in Maces & Flails
  2627 | D:4      | Found a staircase to the Ecumenical Temple.
  2695 | D:4      | Noticed Salmacis's ghost (amateur HuEE)
  2711 | D:4      | Killed Salmacis's ghost
  2711 | D:4      | Reached skill level 5 in Fighting
  2807 | D:4      | Your scales start taking on a rich purple colour.
  2807 | D:4      | Reached XP level 7. HP: 61/61 MP: 7/7
  2828 | D:4      | Reached skill level 1 in Shields
  2896 | D:5      | Got a pair of twisted boots
  2909 | D:4      | Identified the cursed +0 pair of boots of Kemerat {rPois Regen+ Dex-4 SInv} (You found it on level 5 of the Dungeon)
  3029 | D:4      | Noticed Menkaure
  3040 | D:4      | Killed Menkaure
  3225 | D:5      | Reached skill level 7 in Maces & Flails
  3282 | D:5      | Reached **** piety under Trog
  3402 | D:5      | Got a shimmering silver ring
  3417 | D:5      | Identified the ring "Uxitustrikh" {+Inv MR+ MP+9 Str-5 Dex+2} (You took it off a crimson imp on level 5 of the Dungeon)
  3494 | D:5      | Reached XP level 8. HP: 57/70 MP: 8/8
  3521 | D:5      | Found a hide-covered altar of Uskayaw.
  3665 | D:6      | Found Jagro's General Store.
  3698 | D:6      | Reached skill level 8 in Maces & Flails
  4190 | D:7      | Reached skill level 9 in Maces & Flails
  4289 | D:7      | Reached ***** piety under Trog
  4417 | D:7      | Reached XP level 9. HP: 60/78 MP: 9/9
  4423 | D:7      | Received a gift from Trog
  4480 | D:7      | Reached skill level 10 in Maces & Flails
  5204 | D:8      | Reached skill level 11 in Maces & Flails
  5252 | D:8      | Found an opulent altar of Gozag.
  5410 | D:8      | Got an ichor-stained whip
  5411 | D:8      | Identified the +6 whip "Suivvol" {drain, Int+2} (You found it on level 8 of the Dungeon)
  5631 | D:8      | Found a bloodstained altar of Trog.
  5711 | D:8      | Noticed a two-headed ogre
  5720 | D:8      | Reached XP level 10. HP: 75/89 MP: 10/10
  5725 | D:8      | Killed a two-headed ogre
  5725 | D:8      | Received a gift from Trog
  6024 | D:9      | Found Unadesinn's Book Emporium.
  6030 | D:9      | Reached skill level 12 in Maces & Flails
  6047 | D:9      | Found a stormy altar of Qazlal.
  6215 | D:10     | Entered Level 10 of the Dungeon
  6389 | D:9      | Found a staircase to the Lair.
  6398 | Lair:1   | Entered Level 1 of the Lair of Beasts
  6430 | Lair:1   | Noticed a black mamba
  6481 | Lair:1   | Found a dark tunnel.
  6491 | Lair:1   | Noticed Grum
  6492 | Volcano  | Entered a volcano
  6504 | Volcano  | Received a gift from Trog
  6504 | Volcano  | Reached skill level 5 in Shields
  6732 | Volcano  | Noticed a gargoyle
  6732 | Volcano  | Noticed a gargoyle
  6739 | Volcano  | Killed a gargoyle
  6744 | Volcano  | Killed a gargoyle
  6770 | Volcano  | Noticed a skeletal warrior
  6780 | Volcano  | Killed a skeletal warrior
  6795 | Volcano  | Noticed a skeletal warrior
  6796 | Volcano  | Killed a skeletal warrior
  6838 | Volcano  | HP: 4/92 [alligator skeleton (15)]
  7209 | Volcano  | Noticed a gargoyle
  7218 | Volcano  | Killed a gargoyle
  7218 | Volcano  | Reached skill level 13 in Maces & Flails
  7327 | Lair:1   | Noticed a spiny frog
  7334 | Lair:1   | Killed a spiny frog
  7334 | Lair:1   | Reached XP level 11. HP: 61/99 MP: 11/11
  7371 | Lair:1   | Reached skill level 10 in Fighting
  7938 | Lair:2   | Noticed Erica
  7946 | Lair:2   | Killed Erica
  8653 | Lair:2   | Found a deep blue altar of Sif Muna.
  9177 | Lair:3   | Reached skill level 14 in Maces & Flails
  9182 | Lair:3   | Found a staircase to the Swamp.
  9208 | Swamp:1  | Entered Level 1 of the Swamp
  9667 | Lair:3   | Found a hole to the Spider Nest.
  9809 | Lair:3   | Gained mutation: You have sharp toenails. [potion of mutation]
  9809 | Lair:3   | Gained mutation: Your mind is acute. (Int +2) [potion of mutation]
 10183 | Lair:4   | Lost mutation: Your mind is acute. (Int +2) [potion of mutation]
 10183 | Lair:4   | Gained mutation: You evolve. [potion of mutation]
 10183 | Lair:4   | Gained mutation: You are dopey. (Int -2) [potion of mutation]
 10183 | Lair:4   | Gained mutation: Your system is resistant to poisons. (rPois) [potion of mutation]
 10413 | Lair:4   | Noticed an oklob plant
 10413 | Lair:4   | Noticed an oklob plant
 10413 | Lair:4   | Noticed an oklob plant
 10413 | Lair:4   | Noticed an oklob plant
 10457 | Lair:4   | Reached XP level 12. HP: 101/110 MP: 12/12
 10578 | Lair:4   | Lost mutation: Your system is resistant to poisons. (rPois) [evolution]
 10757 | Lair:4   | Found a runed door.
 10840 | Lair:4   | Engulfed by a cloud of flame

Vault maps used:
D:1:      saegor_arrival_simple_c
D:2:      kennysheep_generic_room_3
D:3:      nicolae_overflow_crystal_walls
D:4:      temple_doors_cd, first_ration, uniq_menkaure
D:5:      basic_altar
D:6:      serial_shops, shop, minmay_bent
D:7:      the_bakery, item_on_display_b
D:8:      lemuel_coloured_pillars_altar, kennysheep_decorative_pillar,
          trog_three_pillars_becter
D:9:      lair_entry_dummy, basic_altar, serial_shops, nicolae_shop_waterfront
D:10:     hex_intersection
Lair:1:   nicolae_volcano_entry_two_sided, st_stairs_4, wad_woods_road_05,
          uniq_grum
Lair:2:   basic_altar, uniq_erica
Lair:3:   minmay_swamp_entry_swarm, spider_nest_entry_a
Lair:4:   gammafunk_mikee_crab_dinner, grunt_megastairs_5,
          minmay_lair_oklob_chamber
Swamp:1:  evilmike_swamp_ruin_house_4, swamp_pool1, hangedman_swamp_pad
Volcano:  volcano_tomb

Skill      XL: |  1  2  3  4  5  6  7  8  9 10 11 |
---------------+----------------------------------+-----
Fighting       | 4 5 6 8 9 11 | 11.5
Maces & Flails | 4 5 6 7 9 11 13 14 | 14.4
Throwing       | 1 2 3 |  3.1
Shields        | 1 2 4 5 7 |  7.9
Dodging        | |  2.6

Action                   |  1- 3 |  4- 6 |  7- 9 | 10-12 || total
-------------------------+-------+-------+-------+-------++-------
Melee: Mace              |   124 |   160 |       |       ||   284
       Tailslap          |     9 |    20 |    70 |    56 ||   155
       Flail             |       |    18 |   417 |       ||   435
       Whip              |       |       |    34 |   106 ||   140
       Dire flail        |       |       |       |    30 ||    30
       Morningstar       |       |       |       |   182 ||   182
       Kick              |       |       |       |    19 ||    19
 Fire: Blowgun           |       |    16 |     3 |       ||    19
Throw: Tomahawk          |       |       |       |     4 ||     4
Invok: Berserk           |       |     5 |     8 |    10 ||    23
       Brothers in Arms  |       |       |       |     2 ||     2
       Trog's Hand       |       |       |       |     3 ||     3
  Use: Potion            |       |     2 |     5 |     8 ||    15
       Scroll            |       |     1 |     4 |    12 ||    17
 Stab: Sleeping          |     1 |       |       |       ||     1
  Eat: Chunk             |       |     7 |    15 |    14 ||    36
       Ration            |       |     1 |     2 |     4 ||     7
Armor: Skin              |    43 |    73 |   111 |    53 ||   280
Dodge: Dodged            |    94 |   160 |   280 |    76 ||   610
Block: Buckler           |       |    24 |    73 |     3 ||   100
       Large shield      |       |       |       |   170 ||   170

Table legend:
 A = Spawn XP
 B = Non-spawn XP
 C = Spawn XP percentage of total XP
 D = Spawn monster count
 E = Non-spawn monster count
 F = Spawn count percentage of total count
 G = Total turns spent on level
                    A         B        C        D         E        F      G
               +---------+---------+-------+---------+---------+-------+---------
         Total |       0 |   23798 |   0.0 |       0 |     310 |   0.0 | 10840
               +---------+---------+-------+---------+---------+-------+---------
           D:1 |       0 |      59 |   0.0 |       0 |      30 |   0.0 |   461
           D:2 |       0 |      91 |   0.0 |       0 |      29 |   0.0 |   868
           D:3 |       0 |      76 |   0.0 |       0 |      23 |   0.0 |   811
           D:4 |       0 |     790 |   0.0 |       0 |      24 |   0.0 |   983
           D:5 |       0 |     423 |   0.0 |       0 |      11 |   0.0 |   526
           D:6 |       0 |     694 |   0.0 |       0 |      16 |   0.0 |   508
           D:7 |       0 |    2047 |   0.0 |       0 |      55 |   0.0 |   964
           D:8 |       0 |    2502 |   0.0 |       0 |      36 |   0.0 |   836
           D:9 |       0 |     558 |   0.0 |       0 |      15 |   0.0 |   433
          D:10 |       0 |     109 |   0.0 |       0 |       2 |   0.0 |     8
        Lair:1 |       0 |    3557 |   0.0 |       0 |      17 |   0.0 |  1176
        Lair:2 |       0 |    3509 |   0.0 |       0 |      10 |   0.0 |   756
        Lair:3 |       0 |    3698 |   0.0 |       0 |      16 |   0.0 |  1024
        Lair:4 |       0 |    3126 |   0.0 |       0 |      14 |   0.0 |   680
       Volcano |       0 |    2559 |   0.0 |       0 |      12 |   0.0 |   801
               +---------+---------+-------+---------+---------+-------+---------
